 Dungeon Crawl Stone Soup version 0.29.0-4-gdea44cf6ec (webtiles) character file.

Game seed: 8135416921540569862

315 qw the Chopper (level 6, -2/36 HPs)
             Began as a Tengu Warper on Aug 28, 2022.
             Killed from afar by Blork the orc (3 damage)
             ... with a puff of flame
             ... on level 4 of the Dungeon.
             The game lasted 00:00:22 (4455 turns).

qw the Chopper (Tengu Warper)                       Turns: 4455, Time: 00:00:22

Health: -2/36      AC:  4    Str: 13    XL:     6   Next: 43%
Magic:  10/10      EV: 14    Int: 13    God:
Gold:   232        SH:  5    Dex: 14    Spells: 9/9 levels left

rFire   . . .      SeeInvis .   Y - +1 war axe
rCold   + . .      Faith    .   (no shield)
rNeg    . . .      Spirit   .   c - +1 leather armour of the Jackalope {rC+}
rPois   .          Reflect  +   (helmet restricted)
rElec   .          Harm     .   (no cloak)
rCorr   .          Rampage  .   (no gloves)
Will    +....                   (boots unavailable)
Stlth   +.........              b - amulet of reflection
HPRegen 0.12/turn               g - ring of willpower
MPRegen 0.12/turn               (no ring)

@: flying quickly and evasively, quick
A: beak, talons 3, nimble flight
a: no special abilities


You were on level 4 of the Dungeon.
You visited 1 branch of the dungeon, and saw 4 of its levels.

You collected 232 gold pieces.


Innate Abilities, Weirdness & Mutations

You have a beak for a mouth.
You have claws for feet.
Your magical nature lets you fly swiftly and evasively.


   Skills:
 + Level 2.6 Fighting
 - Level 7.0 Axes
 - Level 1.0 Throwing
 - Level 1.1 Armour
 - Level 2.1 Dodging
 - Level 2.0 Spellcasting
 - Level 2.4 Translocations


You had 9 spell levels left.
You didn't know any spells.
Your spell library contained the following spells:

 Spells                   Type           Power      Damage    Failure   Level
 Blink                    Tloc           14%        N/A       19%         2
 Gell's Gravitas          Tloc           7%         N/A       36%         3
 Lesser Beckoning         Tloc           7%         N/A       36%         3
 Teleport Other           Tloc           7%         N/A       36%         3
 Manifold Assault         Tloc           7%         N/A       98%         5

Inventory:

Hand Weapons
 j - a +0 flail
 Y - a +1 war axe (weapon)
Missiles
 d - 4 silver javelins (quivered)
Armour
 c - the +1 leather armour of the Jackalope (worn) {rC+}
   (You took it off a hobgoblin on level 3 of the Dungeon)

   rC:        It protects you from cold.
 h - a +0 ring mail
Jewellery
 b - an amulet of reflection (around neck)
 g - a ring of willpower (left hand)
Scrolls
 e - a scroll of identify
 f - a scroll of fog {unknown}
 k - a scroll of noise {unknown}
Potions
 a - a potion of haste
 i - a potion of heal wounds {unknown}

Dungeon Overview and Level Annotations

Branches:
Dungeon (4/15)
 Temple: D:4-7

Altars:
Fedhas
Qazlal

Annotations:
D:4 Blork the orc


Message History

You see here a +0 dagger.
Blork the orc comes into view.
He is wielding a +0 battleaxe.
Found a puce potion.
4138 ||| Stepping ~*~*~tactically~*~*~ (hiding).
You start waiting.
Done waiting.
4240 ||| Stepping ~*~*~tactically~*~*~ (hiding).
You start waiting.
Done waiting.
4342 ||| Stepping ~*~*~tactically~*~*~ (hiding).
You start waiting.
Done waiting.
Blork the orc shouts!
4444 ||| Stepping ~*~*~tactically~*~*~ (hiding).
You start waiting.
An adder comes into view.
The adder moves out of view.
4446 ||| Stepping ~*~*~tactically~*~*~ (hiding).
You start waiting.
Blork the orc is nearby!
Blork the orc hits you with a +0 battleaxe!
You closely miss Blork the orc.
You peck Blork the orc, but do no damage.
Blork the orc hits you with a +0 battleaxe!
You hit Blork the orc. Your kick misses Blork the orc.
Blork the orc is lightly wounded.
Blork the orc barely misses you.
You slash Blork the orc! You claw Blork the orc.
Blork the orc is heavily wounded.
You block Blork the orc's attack.
Blork the orc hits you with a +0 battleaxe.
You hit Blork the orc. You claw Blork the orc.
Blork the orc is severely wounded.
Blork the orc casts a spell at you. The puff of flame hits you.
You completely miss Blork the orc. You claw Blork the orc.
Blork the orc is almost dead.
Blork the orc casts a spell at you. The puff of flame hits you.
You die...

#.#####.# #.# #.#
#.# #.# #.# #.# #.#
#.# #.# #.# #.#
#.##### #
#.#####.....# ##.o.
#).........@##..!...
###########.o...!...
#.##.##.#. #.# # #.#
#.# #.. ###


You could see Blork the orc.

Vanquished Creatures
  Pargi (D:4)
  A hound (D:4)
  7 gnolls
  3 adders
  4 worms (D:2)
  A dart slug (D:2)
  4 orcs (D:4)
  9 endoplasms
  12 goblins
  7 hobgoblins
  3 jackals (D:1)
  4 kobolds
  2 quokkas (D:1)
  5 ball pythons
  6 bats
  3 frilled lizards
  7 rats
79 creatures vanquished.

Notes
Turn   | Place    | Note
-------+----------+-------------------------------------------
     0 | D:1      | qw the Tengu Warper began the quest for the Orb.
     0 | D:1      | Reached XP level 1. HP: 12/12 MP: 4/4
     0 | D:1      | 0 ||| qw: Version: 0.1-a-89-g26bdef1
     0 | D:1      | 0 ||| qw: Game counter: 2103
     0 | D:1      | 0 ||| qw: Always use a shield: true
     0 | D:1      | 0 ||| qw: God list: Okawaru
     0 | D:1      | 0 ||| qw: Allow faded altars: false
     0 | D:1      | 0 ||| qw: Do Orc after D:15 true
     0 | D:1      | 0 ||| qw: Do second Lair branch before Depths: true
     0 | D:1      | 0 ||| qw: Lair rune preference: random
     0 | D:1      | 0 ||| qw: Plans: Normal
     0 | D:1      | 0 ||| PLANNING D:1-11
    16 | D:1      | 16 ||| Stepping ~*~*~tactically~*~*~ (stealth).
    17 | D:1      | 17 ||| Stepping ~*~*~tactically~*~*~ (stealth).
    22 | D:1      | 22 ||| Stepping ~*~*~tactically~*~*~ (stealth).
    47 | D:1      | 47 ||| Stepping ~*~*~tactically~*~*~ (stealth).
   168 | D:1      | Reached XP level 2. HP: 17/17 MP: 6/6
   174 | D:1      | Reached skill level 3 in Axes
   350 | D:1      | 350 ||| SWAPPING to +0 war axe.
   351 | D:1      | 351 ||| DROPPING +0 hand axe.
   501 | D:1      | 501 ||| Stepping ~*~*~tactically~*~*~ (stealth).
   647 | D:1      | 647 ||| DROPPING ring of wizardry.
   648 | D:1      | 648 ||| READING scroll labelled QEMIDW ULOHUY.
   649 | D:1      | 649 ||| DRINKING 2 glowing blue potions.
   650 | D:1      | 650 ||| DROPPING scroll of blinking.
   651 | D:1      | 651 ||| DROPPING potion of flight.
   687 | D:2      | 687 ||| Stepping ~*~*~tactically~*~*~ (stealth).
   688 | D:2      | 688 ||| Stepping ~*~*~tactically~*~*~ (stealth).
   701 | D:2      | Reached XP level 3. HP: 15/21 MP: 7/7
  1061 | D:2      | 1061 ||| Stepping ~*~*~tactically~*~*~ (hiding).
  1068 | D:2      | Reached skill level 4 in Axes
  1291 | D:2      | 1291 ||| Stepping ~*~*~tactically~*~*~ (hiding).
  1406 | D:2      | Found a faded altar of an unknown god.
  1808 | D:2      | Reached XP level 4. HP: 18/26 MP: 8/8
  1931 | D:2      | 1931 ||| UPGRADING to ring of willpower.
  1932 | D:2      | 1932 ||| READING scroll labelled KINOKHLUNEV.
  1933 | D:2      | 1933 ||| READING scroll labelled JEMYETW ZORGHAFIBA.
  1934 | D:2      | 1934 ||| DRINKING 2 glowing grey potions.
  1982 | D:2      | 1982 ||| DROPPING potion of lignification.
  2038 | D:3      | 2038 ||| Stepping ~*~*~tactically~*~*~ (stealth).
  2040 | D:3      | 2040 ||| Stepping ~*~*~tactically~*~*~ (stealth).
  2042 | D:3      | 2042 ||| Stepping ~*~*~tactically~*~*~ (stealth).
  2044 | D:3      | 2044 ||| Stepping ~*~*~tactically~*~*~ (stealth).
  2046 | D:3      | 2046 ||| Stepping ~*~*~tactically~*~*~ (stealth).
  2047 | D:3      | 2047 ||| Stepping ~*~*~tactically~*~*~ (stealth).
  2254 | D:3      | Reached skill level 5 in Axes
  2293 | D:3      | 2293 ||| Stepping ~*~*~tactically~*~*~ (hiding).
  2416 | D:3      | 2416 ||| Stepping ~*~*~tactically~*~*~ (hiding).
  2429 | D:3      | 2429 ||| FLEEEEING.
  2430 | D:3      | 2430 ||| FLEEEEING.
  2435 | D:3      | 2435 ||| FLEEEEING.
  2437 | D:3      | 2437 ||| FLEEEEING.
  2438 | D:3      | 2438 ||| STAIRDANCE
  2614 | D:3      | 2614 ||| STAIRDANCE
  2791 | D:3      | Identified the +1 leather armour of the Jackalope {rC+}
  2792 | D:3      | 2792 ||| Stepping ~*~*~tactically~*~*~ (stealth).
  2793 | D:3      | 2793 ||| Stepping ~*~*~tactically~*~*~ (stealth).
  2805 | D:3      | Found a blossoming altar of Fedhas.
  2808 | D:3      | Gained mutation: Your magical nature lets you fly swiftly
                  | and evasively. [Tengu growth]
  2808 | D:3      | Reached XP level 5. HP: 30/30 MP: 9/9
  3193 | D:3      | Found a stormy altar of Qazlal.
  3345 | D:3      | 3345 ||| UPGRADING to +1 leather armour of the Jackalope
                  | {rC+}.
  3355 | D:3      | 3355 ||| DROPPING +0 leather armour.
  3356 | D:3      | 3356 ||| READING scroll labelled KOVUOM RUTHRIN.
  3357 | D:3      | 3357 ||| DRINKING 2 metallic green potions.
  3417 | D:4      | 3417 ||| FLEEEEING.
  3418 | D:4      | 3418 ||| FLEEEEING.
  3419 | D:4      | 3419 ||| FLEEEEING.
  3421 | D:4      | 3421 ||| STAIRDANCE
  3483 | D:3      | 3483 ||| READING scroll labelled ABBAMI PECLI.
  3627 | D:4      | Noticed a moth of wrath
  3627 | D:4      | Noticed Pargi
  3632 | D:4      | Killed Pargi
  3633 | D:4      | Reached skill level 6 in Axes
  3633 | D:4      | Reached XP level 6. HP: 27/35 MP: 10/10
  3633 | D:4      | 3633 ||| FLEEEEING.
  3634 | D:4      | 3634 ||| FLEEEEING.
  3635 | D:4      | 3635 ||| FLEEEEING.
  3636 | D:4      | 3636 ||| FLEEEEING.
  3640 | D:4      | 3640 ||| FLEEEEING.
  3641 | D:4      | 3641 ||| FLEEEEING.
  3642 | D:4      | 3642 ||| FLEEEEING.
  3643 | D:4      | 3643 ||| FLEEEEING.
  3644 | D:4      | 3644 ||| FLEEEEING.
  3649 | D:4      | 3649 ||| FLEEEEING.
  3650 | D:4      | 3650 ||| FLEEEEING.
  3651 | D:4      | 3651 ||| FLEEEEING.
  3652 | D:4      | 3652 ||| FLEEEEING.
  3656 | D:4      | 3656 ||| FLEEEEING.
  3661 | D:4      | 3661 ||| FLEEEEING.
  3662 | D:4      | 3662 ||| FLEEEEING.
  3663 | D:4      | 3663 ||| FLEEEEING.
  3664 | D:4      | 3664 ||| STAIRDANCE
  3702 | D:3      | 3702 ||| UPGRADING to amulet of reflection.
  3729 | D:4      | 3729 ||| Stepping ~*~*~tactically~*~*~ (stealth).
  3731 | D:4      | 3731 ||| Stepping ~*~*~tactically~*~*~ (hiding).
  3776 | D:4      | 3776 ||| DROPPING +0 whip.
  3890 | D:4      | Reached skill level 7 in Axes
  4137 | D:4      | Noticed Blork the orc
  4138 | D:4      | 4138 ||| Stepping ~*~*~tactically~*~*~ (hiding).
  4240 | D:4      | 4240 ||| Stepping ~*~*~tactically~*~*~ (hiding).
  4342 | D:4      | 4342 ||| Stepping ~*~*~tactically~*~*~ (hiding).
  4444 | D:4      | 4444 ||| Stepping ~*~*~tactically~*~*~ (hiding).
  4446 | D:4      | 4446 ||| Stepping ~*~*~tactically~*~*~ (hiding).
  4453 | D:4      | HP: 7/36 [Blork the orc/+0 battleaxe (6)]
  4454 | D:4      | HP: 1/36 [Blork the orc/puff of flame (6)]
  4455 | D:4      | Killed from afar by Blork the orc

Levels and vault maps discovered:
D:1:      amcnicky_arrival_underground_garden, layout_basic
D:2:      cheibrodos_greedy_goblins, layout_basic,
          hellmonk_ecumenical_altar_slurped_away,
          nicolae_concentric_dashed_squares_mild, minmay_crystal_water,
          kennysheep_generic_room_6
D:3:      layout_basic, mainiacjoe_overflow_alcove_4, lemuel_tele_altar
D:4:      layout_loops_ring, tgw_trog, uniq_pargi, uniq_blork_the_orc

Skill      XL: |  1  2  3  4  5  6 |
---------------+-------------------+-----
Axes           | 3 4 5 6 7 |  7.0
Fighting       | |  2.6
Throwing       | |  1.0
Armour         | |  1.1
Dodging        | |  2.1
Spellcasting   | |  2.0
Translocations | |  2.4

Action                   |  1- 3 |  4- 6 || total
-------------------------+-------+-------++-------
Melee: Hand axe          |    26 |       ||    26
       Peck              |    10 |    11 ||    21
       Kick              |    10 |    21 ||    31
       War axe           |    30 |    79 ||   109
Throw: Boomerang         |     7 |       ||     7
       Javelin           |    26 |    28 ||    54
  Use: Scroll            |     1 |     4 ||     5
       Potion            |     1 |     2 ||     3
Armor: Leather armour    |    17 |    13 ||    30
Dodge: Dodged            |    36 |    48 ||    84
Block: Other             |       |     8 ||     8

Table legend:
 A = Non-vault XP
 B = Vault XP
 C = Vault XP percentage of total XP
 D = Non-vault monster count
 E = Vault monster count
 F = Vault count percentage of total count
                 A         B        C        D         E       F
            +---------+---------+-------+---------+---------+-------
      Total |     287 |     163 |  36.2 |      66 |      13 |  16.5
            +---------+---------+-------+---------+---------+-------
        D:1 |      26 |       0 |   0.0 |      17 |       0 |   0.0
        D:2 |      37 |      25 |  40.3 |      10 |      10 |  50.0
        D:3 |     100 |       0 |   0.0 |      24 |       0 |   0.0
        D:4 |     124 |     138 |  52.7 |      15 |       3 |  16.7
            +---------+---------+-------+---------+---------+-------
